 Dungeon Crawl Stone Soup version 0.28.0-47-ge53b351184 (webtiles) character file.

Game seed: 9646142542538616878

103 styxcanada the Sneak (level 4, -6/23 HPs)
             Began as a Spriggan Brigand on May 7, 2022.
             Mangled by Grinder (8 damage)
             ... on level 3 of the Dungeon on May 8, 2022.
             The game lasted 00:09:49 (2919 turns).

styxcanada the Sneak (Spriggan Brigand)             Turns: 2919, Time: 00:09:49

Health: -6/23      AC:  3    Str:  7    XL:     4   Next: 51%
Magic:  5/5        EV: 17    Int: 12    God:
Gold:   97         SH:  0    Dex: 18    Spells: 2/3 levels left

rFire   . . .      SeeInvis +   a - +2 dagger
rCold   . . .      Faith    .   (no shield)
rNeg    . . .      Spirit   .   b - +0 robe
rPois   .          Reflect  .   (helmet restricted)
rElec   .          Harm     .   c - +0 cloak
rCorr   .          Rampage  .   (gloves unavailable)
Will    .....                   (boots unavailable)
Stlth   ++++......              (no amulet)
HPRegen 0.07/turn               (no ring)
MPRegen 0.09/turn               (no ring)

@: very quick
A: very small, no large weapons, unfitting armour, see invisible, speed 3
a: no special abilities


You were on level 3 of the Dungeon.
You visited 1 branch of the dungeon, and saw 3 of its levels.

You collected 97 gold pieces.

Inventory:

Hand Weapons
 a - a +2 dagger (weapon)
Missiles
 d - 6 poisoned darts (quivered)
 e - 2 curare-tipped darts
 f - 6 boomerangs
 i - 42 stones
 m - 47 sling bullets
Armour
 b - a +0 robe (worn)
 c - a +0 cloak (worn)
Magical Staves
 p - a staff of cold
Scrolls
 j - a scroll of summoning {unknown}
 n - 2 scrolls of immolation {unknown}
Potions
 g - a potion of berserk rage
 h - 2 potions of magic
 k - 2 potions of curing {unknown}
 l - a potion of ambrosia


   Skills:
 * Level 2.0 Fighting
 + Level 2.7 Short Blades
 + Level 2.4 Throwing
 * Level 2.2 Dodging
 * Level 7.7 Stealth
 * Level 0.3 Spellcasting
 * Level 0.1 Conjurations


You had 2 spell levels left.
You knew the following spells:

 Your Spells              Type           Power      Damage    Failure   Level
a - Magic Dart            Conj           0%         1d3       30%         1

Your spell library contained the following spells:

 Spells                   Type           Power      Damage    Failure   Level
 Searing Ray              Conj           0%         2d4       41%         2
 Fulminant Prism          Conj/Hex       0%         3d6       97%         4


Dungeon Overview and Level Annotations

Branches:
Dungeon (3/15)

Altars:

Annotations:
D:3 Grinder


Innate Abilities, Weirdness & Mutations

You are very small and have problems with some larger weapons.
You are too small for most types of armour.
You have supernaturally acute eyesight. (SInv)
You cover ground extremely quickly. (Speed+++)


Message History

You hit the hound.
The hound is severely wounded.
The hound barely misses you. The hound bites you.
You hit the hound.
The hound is almost dead.
The hound misses you.
You hit the hound.
You kill the hound!
Your Fighting skill increases to level 2!
You see here a hound corpse.
d - 5 poisoned darts (gained 1)
Found 4 gold pieces.
d - 6 poisoned darts (gained 1)
Found a stone staircase leading up.
You now have 97 gold pieces (gained 4).
You start resting.
HP restored.
Grinder comes into view.
The helpless Grinder fails to defend herself.
You skewer Grinder like a kebab!!!
Grinder is almost dead.
Grinder closely misses you.
You hit Grinder but do no damage.
Grinder is almost dead.
Grinder gestures at you.
You struggle to resist.
You closely miss Grinder.
Grinder is almost dead.
Grinder blinks!
Grinder gestures at you. Pain shoots through your body!
Ouch! That really hurt!
You closely miss Grinder.
Grinder is almost dead.
Grinder hits you!
* * * LOW HITPOINT WARNING * * *
You barely miss Grinder.
Grinder is almost dead.
Grinder hits you!
You die...

....................[............
......#.......##...........######
......#.......######...#####
..............# #...#
#######...#...#### #...# ###
###..........# #...# ..#
#.........##.# ##.## #.#
#.##....#.##.# #.#
#.###.##......##@#
#..†..........##5#
#####.####.....#.####.#
#.................#
#####.......##.#.## #.<.....# .#
#..#.#..# # #..#.#..# #.......#


You could see Grinder.

Vanquished Creatures
  A hound (D:3)
  An adder (D:2)
  A worm (D:2)
  A dart slug (D:2)
  4 ball pythons
  7 bats
  9 endoplasms
  6 goblins
  6 hobgoblins
  4 jackals (D:1)
  3 quokkas
  A frilled lizard (D:1)
  5 kobolds
  7 rats
56 creatures vanquished.

Notes
Turn   | Place    | Note
-------+----------+-------------------------------------------
     0 | D:1      | styxcanada the Spriggan Brigand began the quest for the
                  | Orb.
     0 | D:1      | Reached XP level 1. HP: 10/10 MP: 2/2
    21 | D:1      | Reached skill level 6 in Stealth
    59 | D:1      | Found a faded altar of an unknown god.
   465 | D:1      | Reached XP level 2. HP: 14/14 MP: 3/3
  1360 | D:1      | Reached XP level 3. HP: 15/18 MP: 4/4
  1365 | D:1      | Reached skill level 7 in Stealth
  2276 | D:2      | Reached XP level 4. HP: 23/23 MP: 5/5
  2462 | D:2      | Learned a level 1 spell: Magic Dart
  2908 | D:3      | Noticed Grinder
  2919 | D:3      | Mangled by Grinder

Illustrated notes

Levels and vault maps discovered:
D:1:      mushboom_english_gardens, layout_basic,
          hellmonk_ecumenical_altar_slurped_away
D:2:      layout_loops_ring, amethyst_killhole, kennysheep_generic_room_8
D:3:      layout_loops_cross, uniq_terence, uniq_grinder

Skill      XL: |  1  2  3  4 |
---------------+-------------+-----
Stealth        | 6 7 |  7.7
Dodging        | 2 |  2.2
Fighting       | 2 |  2.0
Short Blades   | |  2.7
Throwing       | |  2.4
Spellcasting   | |  0.3
Conjurations   | |  0.1

Action                   |  1- 3 |  4- 6 || total
-------------------------+-------+-------++-------
Melee: Dagger            |   123 |    25 ||   148
Throw: Dart              |    23 |     3 ||    26
  Use: Scroll            |     4 |     1 ||     5
 Stab: Sleeping          |    18 |     6 ||    24
       Distracted        |     1 |       ||     1
Armor: Robe              |    16 |     1 ||    17
Dodge: Dodged            |    73 |    13 ||    86
